 Dungeon Crawl Stone Soup version 0.29-a0-337-g68df138881 (webtiles) character file.

Game seed: 6129432042903084110

116811 Jortsu the Bludgeoner (level 16, -8/106 HPs)
             Began as a Gargoyle Fighter on Apr 17, 2022.
             Was an Elder of Nemelex Xobeh.
             Mangled by a reaper
             ... wielding a +0 scythe of freezing
              (30 damage)
             ... in an ice cave.
             The game lasted 01:08:20 (21457 turns).

Jortsu the Bludgeoner (Gargoyle Fighter)           Turns: 21457, Time: 01:08:21

Health: -8/106     AC: 25    Str: 32    XL:     16   Next: 72%
Magic:  19/19      EV: 16    Int: 11    God:    Nemelex Xobeh [****..]
Gold:   1183       SH: 23    Dex: 16    Spells: 15/15 levels left

rFire   + . .      SeeInvis +   E - +9 mace "Tenoac" {elec, rElec rC+}
rCold   + + +      Faith    .   X - +4 tower shield of Wasted Space {rElec Str-2 Dex+5 SInv}
rNeg    + . .      Spirit   .   N - +4 skin of Zhor {*Englaciate rC+++ SInv}
rPois   ∞          Reflect  .   h - +0 helmet
rElec   +          Harm     .   b - scarf {rC+ rF+}
rCorr   .          Rampage  .   f - +1 pair of gloves
Will    +....                   u - +1 pair of boots
Stlth   ++++......              n - amulet of regeneration
HPRegen 1.07/turn               U - ring "Gufreic" {Str+4 Slay+4}
MPRegen 0.16/turn               D - +6 ring of strength

@: about to teleport, flying
A: sickness immunity, AC +12, big wings, negative energy resistance 1,
electricity resistance, torment resistance 1, petrification resistance, sturdy
frame 1
a: Renounce Religion, Draw Escape, Draw Destruction, Draw Summoning, Triple
Draw, Deal Four


You were in an ice cave.
You worshipped Nemelex Xobeh.
Nemelex Xobeh was greatly pleased with you.
You visited 3 branches of the dungeon, and saw 23 of its levels.
You also visited: Ossuary, Bailey, Gauntlet and Ice Cave.

You collected 2971 gold pieces.
You spent 1788 gold pieces at shops.

Inventory:

Hand Weapons
 j - a +0 demon blade of draining
 E - the +9 mace "Tenoac" (weapon) {elec, rElec rC+}
   (You found it on level 7 of the Dungeon)

   It occasionally discharges a powerful burst of electricity upon striking a
   foe.
   rC:        It protects you from cold.
   rElec:     It insulates you from electricity.
Missiles
 C - a throwing net (quivered)
Armour
 b - a scarf of resistance (worn)
 f - a +1 pair of gloves (worn)
 h - a +0 helmet (worn)
 l - the +18 shield of the Gong {rElec rN+ Will+ EV-5}
   (You found it in a Gauntlet)

   It is deafeningly noisy when blocking attacks.
   EV:        It affects your evasion (-5).
   rElec:     It insulates you from electricity.
   rN:        It protects you from negative energy.
   Will:      It increases your willpower.
 u - a +1 pair of boots (worn)
 N - the +4 skin of Zhor (worn) {*Englaciate rC+++ SInv}
   (You bought it in a shop on level 3 of the Dungeon)

   It radiates cold, occasionally slowing all nearby creatures who are not
   resistant to cold.
   rC:        It renders you almost immune to cold.
   SInv:      It lets you see invisible.
 X - the +4 tower shield of Wasted Space (worn) {rElec Str-2 Dex+5 SInv}
   (You took it off Louise on level 14 of the Dungeon)

   Str:       It affects your strength (-2).
   Dex:       It affects your dexterity (+5).
   rElec:     It insulates you from electricity.
   SInv:      It lets you see invisible.
Jewellery
 c - an amulet of reflection
 m - an amulet of guardian spirit
 n - an amulet of regeneration (around neck)
 x - a ring of resist corrosion
 D - a +6 ring of strength (right hand)
 F - a ring of positive energy
 K - an amulet of the acrobat
 U - the ring "Gufreic" (left hand) {Str+4 Slay+4}
   (You found it in a Gauntlet)

   [ring of slaying]

   Str:       It affects your strength (+4).
   Slay:      It affects your accuracy & damage with ranged weapons and melee
   (+4).
Wands
 r - a wand of charming (10)
 s - a wand of flame (17)
 w - a wand of digging (11)
 S - a wand of acid (5)
 W - a wand of mindburst (7)
Scrolls
 a - 10 scrolls of teleportation
 p - 4 scrolls of amnesia
 q - 3 scrolls of silence
 t - 7 scrolls of identify
 A - a scroll of summoning
 B - 6 scrolls of holy word
 G - 6 scrolls of enchant armour
 H - 5 scrolls of fog
 J - 5 scrolls of enchant weapon
 P - 2 scrolls of blinking
 Q - 3 scrolls of fear
 R - 3 scrolls of magic mapping
Potions
 d - 5 potions of might
 e - 4 potions of lignification
 g - 7 potions of haste
 i - 12 potions of heal wounds
 k - 13 potions of ambrosia
 o - 4 potions of brilliance
 v - 3 potions of cancellation
 z - 8 potions of curing
 L - 6 potions of mutation
 M - 5 potions of magic
 O - 2 potions of resistance
 Y - a potion of berserk rage
Miscellaneous
 V - a lightning rod (4/4)


   Skills:
 + Level 14.1 Fighting
 + Level 16.7 Maces & Flails
 + Level 9.1 Armour
 + Level 11.3 Dodging
 + Level 7.6 Stealth
 + Level 14.5 Shields
 + Level 4.6 Invocations


You had 15 spell levels left.
You didn't know any spells.
Your spell library contained the following spells:

 Spells                   Type           Power      Damage    Failure   Level
 Corpse Rot               Necr/Air       0%         N/A       90%         2
 Ensorcelled Hibernation  Hex/Ice        0%         N/A       90%         2
 Passwall                 Tmut/Erth      0%         N/A       90%         2
 Poisonous Vapours        Pois/Air       0%         N/A       90%         2
 Scorch                   Fire           0%         2d5       90%         2
 Dazzling Flash           Conj/Hex       0%         N/A       99%         3
 Summon Guardian Golem    Hex/Summ       0%         N/A       99%         3
 Swiftness                Air            0%         N/A       99%         3
 Flame Wave               Conj/Fire      0%         2d4       100%        4
 Agony                    Necr           0%         N/A       100%        5
 Alistair's Intoxication  Tmut/Pois      0%         N/A       100%        5
 Blade Hands              Tmut           0%         N/A       100%        5
 Borgnjor's Vile Clutch   Necr/Erth      0%         N/A       100%        5
 Irradiate                Conj/Tmut      0%         3d13      100%        5
 Silence                  Hex/Air        0%         N/A       100%        5
 Eringya's Noxious Bog    Tmut/Pois      0%         N/A       100%        6
 Summon Cactus Giant      Summ           0%         N/A       100%        6
 Dragon Form              Tmut           0%         N/A       100%        7
 Orb of Destruction       Conj           0%         9d5       100%        7
 Spellforged Servitor     Conj/Summ      0%         N/A       100%        7


Dungeon Overview and Level Annotations

Branches:
Dungeon (15/15)            Temple (0/1) D:6            Lair (6/6) D:10
 Shoals (0/4) Lair:2        Snake (0/4) Lair:3        Slime (0/5) Lair:6
    Orc (2/2) D:9             Elf (0/3) Orc:2        Vaults (0/5) D:14
Ossuary (visited)          Bailey (visited)           IceCv (1/1)
Gauntlet (visited)
 Depths: D:15

Altars:
Elyvilon
Fedhas
Kikubaaqudgha
Nemelex Xobeh
Sif Muna
Uskayaw
Vehumet
Beogh

Shops:
D:3 [   Orc:2 (??:


Innate Abilities, Weirdness & Mutations

You are immune to sickness and miasma.
Your stone body is resilient. (AC +12)
You are immune to poison.
Your large and strong wings let you fly.
You resist negative energy. (rN+)
You are resistant to electric shocks. (rElec)
You are resistant to unholy torment.
You are immune to petrification.
Your movements are slightly less encumbered by armour. (ER -2)


Message History

You block the harpy simulacrum's attack.
The harpy simulacrum misses you.
You block the harpy simulacrum's attack.
The harpy simulacrum closely misses you.
You block the harpy simulacrum's attack. x3
The harpy simulacrum misses you.
The reaper hits you from afar with a +0 scythe of freezing!!
You bludgeon the harpy simulacrum!!
The harpy simulacrum vaporises!
You block the reaper's attack.
Really fly into that cloud of freezing vapour?
Okay, then.
The reaper hits you with a +0 scythe of freezing!
The reaper hits you with a +1 scythe of freezing!
You hit the reaper but do no damage. Lightning courses through the reaper!
The reaper is lightly wounded.
You radiate an aura of cold.
The reaper is unaffected. x2
You block the reaper's attack.
The reaper hits you with a +0 scythe of freezing!
The reaper freezes you.
You hit the reaper but do no damage. Lightning courses through the reaper!
The reaper is moderately wounded.
You hit the reaper.
The reaper is moderately wounded.
The reaper hits you but does no damage. You block the reaper's attack.
You closely miss the reaper.
The reaper is moderately wounded.
You radiate an aura of cold.
The reaper is unaffected. x2
The reaper hits you with a +1 scythe of freezing.
The reaper hits you with a +0 scythe of freezing!
* * * LOW HITPOINT WARNING * * *
As you read the scroll of teleportation, it crumbles to dust.
You feel strangely unstable. You block the reaper's attack. x2
You block the reaper's attack.
The reaper hits you with a +0 scythe of freezing!
* * * LOW HITPOINT WARNING * * *
The reaper attacks as you move away!
The reaper hits you with a +0 scythe of freezing!!
You die...
Your body glows slightly and disappears.

##...## ##..∩..## ..
#.......# ##.###
#...∩...# ## ..2..
##.....## .##...
##...## ....# #...##
##### ...# . ##...#
##...###..# .###
##...#
##....@.2..#...Z.....
##...##
#.....2##......##.....
#...##
#....###......##..°...
#..##
#....#........#.☼§§§..
##..##
##.....##..####°○.§..
##..#
###....##....§°§§§#
####..####
###.........§§#
#.#....#.###
####.......##
#..........###
######..°###


You could see 2 reapers.

Vanquished Creatures
  Louise (D:14)
  Azrael (D:12)
  An entropy weaver (Lair:3)
  2 ettins (Orc:1)
  4 dire elephants (Lair:6)
  A minotaur (Gauntlet)
  Josephine (D:12)
  4 vault guards (D:13)
  2 boulder beetles
  Erolcha (D:12)
  9 hydras
  5 ogre magi
  3 catoblepae
  4 centaur warriors
  7 two-headed ogres
  A death knight (D:14)
  2 tengu warriors (D:13)
  8 death yaks
  The ghost of ouz the Slicer, a journeyman VSBr of Wu Jian (D:9)
  Urug (Orc:1)
  Sonja (D:12)
  Nergalle (Orc:2)
  4 skeletal warriors
  A spectral death yak (Lair:6)
  2 glowing orange brains (Gauntlet)
  4 spriggan simulacra (IceCv)
  2 obsidian statues
  A bog body (IceCv)
  A spectral anaconda (Lair:6)
  2 orc knights
  3 deep elf pyromancers
  Pikel (D:7)
  4 necromancers (Lair:6)
  A phantasmal warrior (D:14)
  3 cyclopes
  3 manticores
  9 ugly things
  8 elephants
  6 orc sorcerers
  A merfolk siren (Lair:2)
  6 black mambas
  Maurice (D:12)
  A torpor snail (Lair:3)
  23 cane toads
  3 gargoyles
  5 kobold demonologists
  An unseen horror (D:12)
  A dire elephant skeleton (Lair:6)
  A hellion (Gauntlet)
  10 freezing wraiths
  An anaconda simulacrum (IceCv)
  5 rime drakes
  2 efreet
  7 komodo dragons
  A minotaur zombie (Gauntlet)
  3 ice devils (IceCv)
  2 entropy weaver simulacra (IceCv)
  A red devil (Gauntlet)
  A tengu conjurer (D:13)
  A queen bee (Lair:3)
  4 polar bears
  5 trolls
  10 slime creatures
  2 spectral elephants (Lair:6)
  16 blink frogs
  A raiju (shapeshifter) (D:13)
  9 dream sheep (Lair:6)
  14 wyverns
  A shadow (D:10)
  A vampire (D:7)
  4 wraiths
  7 basilisks
  32 yaks
  A fire elemental (D:12)
  6 steam dragons
  7 vampire mosquitoes
  2 death yak simulacra (Lair:6)
  A minotaur simulacrum (IceCv)
  Menkaure (D:6)
  4 wargs
  A harpy simulacrum (IceCv)
  2 spectral cane toads (Lair:6)
  3 nagas (Lair:3)
  9 hell hounds
  2 acid dragons
  18 water moccasins
  Duvessa (D:7)
  21 orc warriors
  3 ice beasts
  3 black bears
  2 sky beasts
  An ettin simulacrum (IceCv)
  3 elephant skeletons (Lair:6)
  7 ogres
  10 wolves
  An alligator simulacrum (IceCv)
  5 centaurs
  3 lemures (D:7)
  2 phantoms
  13 bullfrogs
  8 kobold brigands
  2 necrophages
  2 cane toad simulacra (Lair:6)
  A scorpion (Lair:1)
  A gnoll sergeant (D:10)
  4 wights (D:6)
  3 deep troll simulacra (IceCv)
  Dowan (D:7)
  A lindwurm simulacrum (IceCv)
  33 killer bees
  6 electric eels
  6 howler monkeys
  5 hounds
  20 orc priests
  A gnoll shaman (D:8)
  4 jellies
  3 iguanas
  34 orc wizards
  13 hell rats
  A mummy (Ossuary)
  14 gnolls
  9 adders
  A shadow imp (D:8)
  A white imp (D:6)
  3 ufetubi
  2 worms
  5 dart slugs
  71 orcs
  3 spectral bats (Ossuary)
  9 endoplasms
  A giant cockroach (D:1)
  23 goblins
  13 hobgoblins
  4 jackals (D:2)
  A quokka (D:3)
  5 ball pythons
  4 bats
  6 bat simulacra (Ossuary)
  3 frilled lizards
  12 gnoll zombies (Ossuary)
  A goblin simulacrum (Ossuary)
  4 goblin zombies (Ossuary)
  6 hobgoblin zombies (Ossuary)
  25 kobolds
  5 kobold simulacra (Ossuary)
  3 kobold zombies (Ossuary)
  5 orc zombies (Ossuary)
  3 rats
  4 rat simulacra (Ossuary)
  5 spectral goblins (Ossuary)
  4 spectral kobolds (Ossuary)
  2 spectral rats (Ossuary)
837 creatures vanquished.

Vanquished Creatures (collateral kills)
  A dream sheep (Lair:6)
  A wyvern (Lair:6)
2 creatures vanquished.

Vanquished Creatures (others)
  A manticore (D:14)
  3 orcs
  A quokka (D:11)
  42 fungi
  36 plants
  28 withered plants (Lair:6)
111 creatures vanquished.

Grand Total: 950 creatures vanquished

Notes
Turn   | Place    | Note
-------+----------+-------------------------------------------
     0 | D:1      | Jortsu the Gargoyle Fighter began the quest for the Orb.
     0 | D:1      | Reached XP level 1. HP: 14/14 MP: 1/1
   167 | D:1      | Reached XP level 2. HP: 19/19 MP: 2/2
   952 | D:2      | Reached XP level 3. HP: 23/23 MP: 3/3
  1065 | D:2      | Found a faded altar of an unknown god.
  1094 | D:2      | Prayed at the altar of an unknown god.
  1094 | D:2      | Became a worshipper of Nemelex Xobeh the Trickster
  1094 | D:2      | Reached * piety under Nemelex Xobeh
  1094 | D:2      | Received a gift from Nemelex Xobeh
  1362 | D:2      | Reached skill level 3 in Maces & Flails
  1362 | D:2      | Reached XP level 4. HP: 6/29 MP: 4/4
  2278 | D:3      | Reached XP level 5. HP: 33/33 MP: 5/5
  2395 | D:3      | Found Vuaxiuwoq's Armour Emporium.
  2847 | D:4      | Reached ** piety under Nemelex Xobeh
  2886 | D:4      | Reached skill level 4 in Maces & Flails
  2943 | D:4      | Reached skill level 1 in Dodging
  3042 | D:4      | Received a gift from Nemelex Xobeh
  3088 | D:4      | Reached XP level 6. HP: 37/39 MP: 6/6
  3099 | D:4      | Noticed a black bear
  3111 | D:4      | Killed a black bear
  3112 | D:4      | Reached skill level 1 in Stealth
  3228 | D:4      | Reached skill level 5 in Maces & Flails
  3355 | D:5      | Entered Level 5 of the Dungeon
  3379 | D:5      | Found a sand-covered staircase.
  3384 | Ossuary  | Entered an ossuary
  3508 | Ossuary  | Reached XP level 7. HP: 44/44 MP: 7/7
  3944 | D:5      | Received a gift from Nemelex Xobeh
  3981 | D:5      | Reached skill level 5 in Fighting
  3981 | D:5      | Reached skill level 6 in Maces & Flails
  4025 | D:5      | Reached *** piety under Nemelex Xobeh
  4271 | D:6      | Noticed a steam dragon
  4277 | D:6      | Killed a steam dragon
  4278 | D:6      | Reached skill level 7 in Maces & Flails
  4278 | D:6      | Reached XP level 8. HP: 48/49 MP: 8/8
  4351 | D:6      | Found a staircase to the Ecumenical Temple.
  4476 | D:6      | Found a large runed translucent door.
  4479 | D:6      | Found a large runed translucent door.
  4489 | D:6      | Found a hide-covered altar of Uskayaw.
  4496 | D:6      | Reached skill level 8 in Maces & Flails
  4503 | D:6      | Found a blossoming altar of Fedhas.
  4508 | D:6      | Reached skill level 5 in Armour
  4611 | D:6      | Noticed Menkaure
  4617 | D:6      | Killed Menkaure
  4836 | D:7      | Noticed a vampire
  4840 | D:7      | Killed a vampire
  4841 | D:7      | Reached XP level 9. HP: 56/56 MP: 9/9
  4890 | D:7      | Noticed Duvessa
  4893 | D:7      | Noticed Dowan
  4906 | D:6      | Reached skill level 5 in Shields
  4977 | D:7      | Reached skill level 9 in Maces & Flails
  5001 | D:7      | Noticed a skeletal warrior
  5019 | D:7      | Killed a skeletal warrior
  5085 | D:7      | Noticed Pikel
  5090 | D:7      | Killed Pikel
  5091 | D:7      | Reached skill level 10 in Maces & Flails
  5091 | D:7      | Reached XP level 10. HP: 63/63 MP: 10/10
  5143 | D:7      | Identified the +9 mace "Tenoac" {elec, rElec rC+}
  5181 | D:7      | Reached **** piety under Nemelex Xobeh
  5185 | D:7      | Killed Duvessa
  5192 | D:7      | Killed Dowan
  5459 | D:7      | Received a gift from Nemelex Xobeh
  5499 | D:8      | Noticed a two-headed ogre
  5507 | D:8      | Killed a two-headed ogre
  5508 | D:8      | Reached skill level 11 in Maces & Flails
  5752 | D:8      | Noticed a red ugly thing
  5759 | D:8      | Killed a red ugly thing
  6016 | D:8      | Noticed a boulder beetle
  6034 | D:8      | Killed a boulder beetle
  6407 | D:8      | Gained mutation: You sometimes lose the ability to read
                  | scrolls when taking damage. [potion of mutation]
  6407 | D:8      | Gained mutation: Your large and strong wings let you fly.
                  | [potion of mutation]
  6408 | D:8      | Lost mutation: Your large and strong wings let you fly.
                  | [potion of mutation]
  6408 | D:8      | Lost mutation: You sometimes lose the ability to read
                  | scrolls when taking damage. [potion of mutation]
  6408 | D:8      | Gained mutation: Your movements are slightly less
                  | encumbered by armour. (ER -2) [potion of mutation]
  6469 | D:9      | Reached skill level 12 in Maces & Flails
  6501 | D:9      | Reached ***** piety under Nemelex Xobeh
  6501 | D:9      | Received a gift from Nemelex Xobeh
  6523 | D:9      | Found a staircase to the Orcish Mines.
  6656 | D:9      | Reached XP level 11. HP: 68/68 MP: 11/11
  6698 | D:9      | Found a flagged portal.
  6712 | D:9      | Noticed a two-headed ogre
  6718 | Bailey   | Entered a bailey
  6838 | Bailey   | Acquired 563 gold pieces
  6895 | Bailey   | Found an iron altar of Okawaru.
  7076 | Bailey   | Noticed an orc knight
  7085 | Bailey   | Killed an orc knight
  7421 | D:3      | Bought the +4 skin of Zhor {*Englaciate rC+++ SInv} for 731
                  | gold pieces
  7421 | D:3      | Found the +4 skin of Zhor {*Englaciate rC+++ SInv}
  7593 | D:9      | Killed a two-headed ogre
  7594 | D:9      | Reached skill level 13 in Maces & Flails
  8007 | D:9      | Found a large runed translucent door.
  8020 | D:9      | Found a large runed translucent door.
  8022 | D:9      | Noticed ouz's ghost (journeyman VSBr)
  8179 | D:9      | Killed ouz's ghost
  8200 | D:10     | Entered Level 10 of the Dungeon
  8336 | D:10     | Found a staircase to the Lair.
  8455 | D:10     | Received a gift from Nemelex Xobeh
  8458 | D:10     | Noticed a deep elf pyromancer
  8471 | D:10     | Killed a deep elf pyromancer
  8565 | D:10     | Noticed a two-headed ogre
  8585 | D:10     | Killed a two-headed ogre
  8586 | D:10     | Reached XP level 12. HP: 47/76 MP: 12/12
  8966 | Lair:1   | Entered Level 1 of the Lair of Beasts
  9122 | Lair:1   | Noticed a five-headed hydra
  9139 | Lair:1   | Killed a five-headed hydra
  9140 | Lair:1   | Reached skill level 14 in Maces & Flails
  9165 | Lair:1   | Received a gift from Nemelex Xobeh
  9766 | Lair:2   | Found a staircase to the Shoals.
  9886 | Lair:2   | Noticed a six-headed hydra
  9896 | Lair:2   | Killed a six-headed hydra
 10206 | Lair:2   | Received a gift from Nemelex Xobeh
 10498 | Lair:3   | Reached skill level 5 in Dodging
 10561 | Lair:3   | Reached skill level 10 in Fighting
 10649 | Lair:3   | Noticed a six-headed hydra
 10650 | Lair:3   | Found a staircase to the Snake Pit.
 10662 | Lair:3   | Killed a six-headed hydra
 10663 | Lair:3   | Reached XP level 13. HP: 73/82 MP: 10/13
 10736 | Lair:3   | Noticed an entropy weaver
 10736 | Lair:3   | a catoblepas changed into an entropy weaver
 10898 | Lair:3   | Received a gift from Nemelex Xobeh
 10920 | Lair:3   | Identified the +3 chain mail of the Abyss {rPois SInv}
 10998 | Lair:3   | Killed an entropy weaver
 11230 | Lair:3   | Reached skill level 1 in Invocations
 11329 | Lair:3   | Reached skill level 15 in Maces & Flails
 11567 | Lair:3   | Reached skill level 5 in Stealth
 11828 | Lair:4   | Received a gift from Nemelex Xobeh
 11953 | Lair:4   | Found a shimmering blue altar of Sif Muna.
 12100 | Lair:4   | Received a gift from Nemelex Xobeh
 12628 | Lair:5   | Received a gift from Nemelex Xobeh
 12812 | Lair:5   | Received a gift from Nemelex Xobeh
 12908 | Lair:5   | Gained mutation: Your large and strong wings let you fly.
                  | [Gargoyle growth]
 12908 | Lair:5   | Reached XP level 14. HP: 67/90 MP: 13/15
 13472 | Lair:6   | Entered Level 6 of the Lair of Beasts
 13699 | Lair:6   | Noticed a dire elephant
 13699 | Lair:6   | Noticed a dire elephant
 13703 | Lair:6   | Noticed a dire elephant
 13703 | Lair:6   | Noticed a dire elephant
 13861 | Lair:6   | Received a gift from Nemelex Xobeh
 13937 | Lair:6   | Killed a dire elephant
 13937 | Lair:6   | Killed a dire elephant
 13937 | Lair:6   | Killed a dire elephant
 13937 | Lair:6   | Killed a dire elephant
 13938 | Lair:6   | Reached skill level 10 in Shields
 14752 | Lair:6   | Found a staircase to the Slime Pits.
 14883 | Lair:6   | Reached XP level 15. HP: 97/97 MP: 17/17
 14916 | Lair:6   | Reached skill level 16 in Maces & Flails
 15327 | Orc:1    | Entered Level 1 of the Orcish Mines
 15373 | Orc:1    | Received a gift from Nemelex Xobeh
 15373 | Orc:1    | Noticed Urug
 15400 | Orc:1    | Killed Urug
 15646 | Orc:2    | Entered Level 2 of the Orcish Mines
 15646 | Orc:2    | Found a staircase to the Elven Halls.
 15646 | Orc:2    | Found a gate leading to a gauntlet.
 15794 | Gauntlet | Entered a Gauntlet
 15794 | Gauntlet | Found a transporter.
 15794 | Gauntlet | Found a transporter.
 15847 | Gauntlet | Found a transporter.
 15849 | Gauntlet | Found a transporter.
 15859 | Gauntlet | Found a transporter.
 15863 | Gauntlet | Found a transporter.
 15873 | Gauntlet | Found a transporter.
 15894 | Gauntlet | Found a transporter.
 15895 | Gauntlet | Found the +18 shield of the Gong {rElec rN+ Will+ EV-5}
 15911 | Gauntlet | Found a transporter.
 15915 | Gauntlet | Found a transporter.
 15925 | Gauntlet | Found a transporter.
 15929 | Gauntlet | Found a transporter.
 15976 | Gauntlet | Identified the ring "Gufreic" {Str+4 Slay+4}
 16091 | Gauntlet | Identified the -5 hat of Wieriano {*Slow +Inv Will+ rCorr}
 16760 | Orc:2    | Found Ecefimp's Book Shoppe.
 16812 | Orc:2    | Found an ancient bone altar of Kikubaaqudgha.
 16812 | Orc:2    | Noticed Nergalle
 16827 | Orc:2    | Killed Nergalle
 16831 | Orc:2    | Reached skill level 10 in Dodging
 16838 | Orc:2    | Paralysed by an orc sorcerer for 4 turns
 16950 | Orc:2    | Found Eruidgh Viung's Magic Scroll Emporium.
 16966 | Orc:2    | Paralysed by an ogre mage for 3 turns
 16988 | Orc:2    | Bought a scroll of teleportation for 51 gold pieces
 16988 | Orc:2    | Bought a scroll of blinking for 127 gold pieces
 16988 | Orc:2    | Bought a scroll of teleportation for 51 gold pieces
 16988 | Orc:2    | Bought a scroll of teleportation for 51 gold pieces
 16990 | Orc:2    | Found a radiant altar of Vehumet.
 17192 | Orc:2    | Found Qeze's Magic Scroll Emporium.
 17207 | Orc:2    | Found Soedeg's Antique Weapon Shoppe.
 17210 | Orc:2    | Bought a scroll of enchant armour for 97 gold pieces
 17210 | Orc:2    | Bought a scroll of enchant weapon for 97 gold pieces
 17210 | Orc:2    | Bought a scroll of enchant armour for 97 gold pieces
 17210 | Orc:2    | Bought 3 scrolls of holy word for 292 gold pieces
 17210 | Orc:2    | Bought a scroll of blinking for 97 gold pieces
 17210 | Orc:2    | Bought a scroll of blinking for 97 gold pieces
 17313 | Orc:2    | Received a gift from Nemelex Xobeh
 17836 | D:11     | Found a white marble altar of Elyvilon.
 18063 | D:11     | Received a gift from Nemelex Xobeh
 18289 | D:12     | Noticed Josephine
 18299 | D:12     | Killed Josephine
 18333 | D:12     | Noticed Maurice
 18345 | D:12     | Killed Maurice
 18541 | D:12     | Noticed Azrael
 18560 | D:12     | Killed Azrael
 18800 | D:12     | Received a gift from Nemelex Xobeh
 19037 | D:13     | Noticed Erolcha
 19038 | D:13     | Noticed Sonja
 19058 | D:12     | Killed Sonja
 19076 | D:12     | Killed Erolcha
 19077 | D:12     | Reached XP level 16. HP: 104/105 MP: 19/19
 20144 | D:14     | Identified the +4 tower shield of Wasted Space {rElec Str-2
                  | Dex+5 SInv}
 20144 | D:14     | Noticed Louise
 20410 | D:14     | Received a gift from Nemelex Xobeh
 20473 | D:14     | Killed Louise
 20570 | D:14     | Found a gate to the Vaults.
 20873 | D:14     | Received a gift from Nemelex Xobeh
 20995 | D:15     | Entered Level 15 of the Dungeon
 21033 | D:14     | Paralysed by an ogre mage for 5 turns
 21151 | D:15     | Found a frozen archway.
 21160 | IceCv    | Entered an ice cave
 21457 | IceCv    | Mangled by a reaper

Illustrated notes

Levels and vault maps discovered:
D:1:      amcnicky_arrival_choice, layout_loops_ring
D:2:      layout_basic, hellmonk_ecumenical_altar_run_dry
D:3:      corexii_shack_village, layout_loops_ring, serial_shops,
          nicolae_shop_waterfront
D:4:      layout_basic, nicolae_concentric_dashed_squares_mild
D:5:      layout_basic, enter_ossuary_2
D:6:      layout_rooms, jmf_multi_god_temple2, minmay_temple_entry_stoned_glass,
          uniq_menkaure
D:7:      layout_cave_pools, minmay_microvault, uniq_pikel, uniq_duvessa
D:8:      cheibrodos_steamvent, layout_loops_ring, nrook_mini_vaults,
          nicolae_figureground_sparkle
D:9:      layout_roguey, orc_david_3, ebering_ghost_disaster_area,
          enter_bailey_3, minmay_misc_feat_encased
D:10:     minmay_recursive_quarters, layout_rooms, lair_entry_dummy
D:11:     layout_long_grid, elyvilon_altar_4
D:12:     layout_loops_ring, uniq_azrael, uniq_maurice, uniq_josephine
D:13:     layout_rooms, uniq_sonja, uniq_erolcha
D:14:     layout_cross, lightli_vaults_fourway_checkpoint, uniq_louise
D:15:     grunt_enter_depths_magical_seal, layout_basic, serial_park_avenue1,
          portal_ice_cave_entry_pillars_three, minivault_25_ag, minivault_25_ag,
          minivault_11
Lair:1:   layout_misc_corridors
Lair:2:   layout_hall_layers, elwin_shoals_entry_rooms, grunt_megastairs_4,
          lemuel_fruit_fields, serial_bayou_shore_a
Lair:3:   layout_gridlike, minmay_snake_entry_guardpost_medium, special_room
          [special_room_bee], beast_lair_carwin_6, grunt_megastairs_1
Lair:4:   layout_roguey, basic_altar, infiniplex_staircase_pool,
          serial_bayou_shore_b, lemuel_fruit_tree
Lair:5:   layout_regular_city, serial_rivers, chequers_serial_rivers_micro_b,
          chequers_serial_rivers_room_a, chequers_serial_rivers_small_a,
          chequers_serial_rivers_micro_c, chequers_serial_rivers_micro_d,
          serial_bayou_shore_b, serial_bayou_shore_b
Lair:6:   due_jungle_book, layout_long_grid, nicolae_slime_entry_slimehenge,
          special_room [special_room_mythical_zoo]
Orc:1:    layout_caves, uniq_urug
Orc:2:    kennysheep_orc_mage_school, layout_caves, gauntlet_entry_generic
IceCv:    ice_cave_small_demon

Skill      XL: |  1  2  3  4  5  6  7  8  9 10 11 12 13 14 15 16 |
---------------+-------------------------------------------------+-----
Fighting       | 4 5 6 7 8 9 10 11 12 13 14 | 14.1
Maces & Flails | 3 4 5 7 8 10 12 13 14 15 16 | 16.7
Dodging        | 1 2 3 5 7 9 10 11 | 11.3
Stealth        | 1 2 4 5 6 7 |  7.6
Shields        | 4 5 6 7 8 9 10 12 14 | 14.5
Armour         | 4 5 6 7 9 |  9.1
Invocations    | 2 3 4 |  4.6

Action                   |  1- 3 |  4- 6 |  7- 9 | 10-12 | 13-15 | 16-18 || total
-------------------------+-------+-------+-------+-------+-------+-------++-------
Melee: Flail             |    87 |   241 |   224 |     5 |       |       ||   557
       Mace              |       |       |       |   509 |  1269 |   407 ||  2185
Invok: Draw Summoning    |       |       |       |     1 |     1 |       ||     2
       Triple Draw       |       |       |       |     1 |     9 |     4 ||    14
       Draw Destruction  |       |       |       |       |     1 |       ||     1
       Deal Four         |       |       |       |       |       |     1 ||     1
  Use: Scroll            |     3 |     7 |     3 |    11 |    10 |     3 ||    37
       Potion            |       |       |       |     2 |     3 |     1 ||     6
 Stab: Distracted        |       |     1 |       |       |       |       ||     1
       Sleeping          |       |       |       |     3 |     7 |     2 ||    12
Armor: Scale mail        |    30 |       |       |       |       |       ||    30
       Skin              |     8 |    60 |       |       |       |       ||    68
       Plate armour      |       |    73 |   204 |   117 |       |       ||   394
       Animal skin       |       |       |       |   115 |   366 |   164 ||   645
Dodge: Dodged            |    43 |   109 |    81 |   169 |   489 |   196 ||  1087
Block: Buckler           |    19 |    47 |    37 |   107 |   204 |       ||   414
       Kite shield       |       |       |       |       |   368 |   364 ||   732
       Tower shield      |       |       |       |       |       |   276 ||   276

Table legend: (Time is in decaauts)
 A = Elapsed time spent in this place.
 B = Non-inter-level travel time spent in this place.
 C = Inter-level travel time spent in this place.
 D = Time resting spent in this place.
 E = Time spent auto-exploring this place.
 F = Levels seen in this place.
 G = Mean time per level.
                   A        B        C        D        E       F      G
               +--------+--------+--------+--------+--------+-----+--------+
         Total |  21193 |  20100 |   1093 |   2401 |  10405 |  27 |  784.9 |
       Dungeon |  11800 |  10978 |    822 |   1360 |   6321 |  15 |  786.7 |
          Lair |   6132 |   5905 |    227 |    529 |   3357 |   6 | 1022.0 |
  Orcish Mines |   1594 |   1551 |     43 |    375 |    425 |   2 |  797.0 |
       Ossuary |    413 |    413 |      0 |      0 |    109 |   1 |  413.0 |
        Bailey |    543 |    543 |      0 |      0 |    193 |   1 |  543.0 |
      Ice Cave |    303 |    303 |      0 |     32 |      0 |   1 |  303.0 |
      Gauntlet |    405 |    405 |      0 |    105 |      0 |   1 |  405.0 |
               +--------+--------+--------+--------+--------+-----+--------+

Top non-repeatable levels by time:
  Lair:6: 1658 daAuts
  Lair:3: 1374 daAuts
    D:13: 1332 daAuts
     D:2: 1026 daAuts
     D:9: 978 daAuts
     D:8: 975 daAuts
     D:1: 960 daAuts
   Orc:2: 959 daAuts
  Lair:5: 864 daAuts
    D:10: 830 daAuts
     D:3: 807 daAuts
    D:12: 802 daAuts
     D:4: 762 daAuts
  Lair:4: 758 daAuts
    D:14: 756 daAuts
